 Dungeon Crawl Stone Soup version 0.31-a0-538-gbc85326fa9 (webtiles) character file.

Game seed: 2874039175935544955

137 HallandMoats the Trooper (level 5, -2/43 HPs)
             Began as a Demonspawn Monk on Aug 14, 2023.
             Slain by a gnoll sergeant
             ... wielding a +2 trident of freezing
              (6 damage)
             ... on level 5 of the Dungeon.
             The game lasted 00:04:50 (2494 turns).

HallandMoats the Trooper (Demonspawn Monk)          Turns: 2494, Time: 00:04:50

Health: -2/43      AC:  7    Str: 14    XL:     5   Next: 0%
Magic:  8/8        EV: 11    Int: 11    God:
Gold:   127        SH:  0    Dex: 15    Spells: 4/4 levels left

rFire   . . .        a - +0 hand axe
rCold   . . .        d - orb {light}
rNeg    . . .        j - +0 ring mail
rPois   .            (no helmet)
rElec   .            (no cloak)
rCorr   .            (no gloves)
SInv    .            (no boots)
Will    .....        (no amulet)
Stlth   +            (no ring)
HPRegen 0.27/turn    (no ring)
MPRegen 0.11/turn

%: no passive effects
@: glowing
A: thin metallic scales 1, foul stench 1
a: no special abilities


You were on level 5 of the Dungeon.
You visited 2 branches of the dungeon, and saw 5 of its levels.

You collected 127 gold pieces.

Inventory:

Hand Weapons
 a - a +0 hand axe (weapon)
Armour
 d - an orb of light (worn)
 j - a +0 ring mail (worn)
Jewellery
 e - a ring of fire
Wands
 m - a wand of polymorph (7)
Scrolls
 f - a scroll of revelation {unknown}
 i - a scroll of teleportation
 k - a scroll of fog
 l - a scroll of brand weapon
 o - a scroll of fear
Potions
 g - 2 potions of magic {unknown}
 h - a potion of curing {unknown}
 n - a potion of might {unknown}


   Skills:
 + Level 4.5 Fighting
 - Level 2.6 Axes
 - Level 2.6 Dodging
 + Level 4.3 Invocations


You had 4 spell levels left.
You didn't know any spells.
Your spell library was empty.

Dungeon Overview and Level Annotations

Branches:
Dungeon (5/15)             Temple (1/1) D:5

Altars:
Ashenzari
Cheibriados
Dithmenos
Hepliaklqana
Kikubaaqudgha
Makhleb
Ru
Sif Muna
Trog
Vehumet
Xom
Yredelemnul


Innate Abilities, Weirdness & Mutations

You are partially covered in thin metallic scales. (AC +2)
You may rarely emit foul miasma when damaged in melee.


Message History

The sleepcap is severely damaged.
The sleepcap closely misses you.
You hit the sleepcap.
The sleepcap is severely damaged.
The sleepcap closely misses you.
You hit the sleepcap but do no damage.
The sleepcap is severely damaged.
The sleepcap barely misses you.
You hit the sleepcap.
The sleepcap is severely damaged.
The sleepcap barely misses you. The sleepcap releases spores at you.
You hit the sleepcap but do no damage.
The sleepcap is severely damaged.
The sleepcap releases spores at you.
You slash the sleepcap!
The sleepcap is almost destroyed.
The sleepcap barely misses you.
You hit the sleepcap.
You destroy the sleepcap!
You have reached level 5!
Your demonic ancestry asserts itself...
You begin to emit a foul stench of rot and decay.
You start resting.
HP restored.
You climb upwards.
Welcome back to the Dungeon!
The gnoll hits you but does no damage. The gnoll barely misses you.
The gnoll hits you with a +0 flail! The gnoll hits you but does no damage.
There is a staircase to the Ecumenical Temple, spattered with blood here.
The gnoll hits you with a +0 spear! The gnoll hits you with a +0 flail.
The orc wizard hits you but does no damage.
The gnoll attacks as you move away! The gnoll hits you with a +0 club.
The gnoll sergeant closely misses you. The gnoll hits you with a +0 spear.
The gnoll hits you with a +0 flail.
You emit a cloud of foul miasma!
You see here a +0 leather armour.
You hit the gnoll sergeant but do no damage.
You barely miss the gnoll. You hit the gnoll. You barely miss the gnoll.
The gnoll sergeant hits you with a +2 trident of freezing!
* * * LOW HITPOINT WARNING * * *
The gnoll sergeant freezes you.
You die...

_. #..............#####
....##.##.##.##.....#....
...#.........#....['.... #...
#..................#..##
#....#.##..⌠...⌠..#######..##
#...#..#.........#....#.....
###...#......o>.........#.....
.'.......#.gggg....#....#.....
#......[#..o@..⌠..#....[.....
#..........g........#########
#...g...#.........#.## #.... #+
##......##.##.##.##..+ #....
..####.........#.........# +....
........gg.....########.#####....
.......g.......#....###.###......
#'##..o.#......'.....#....#......
...#....#......#.....'....+......


You could see a gnoll sergeant, an orc wizard, 4 gnolls and an orc.

Vanquished Creatures
  A sleepcap (Temple)
  An iguana (D:5)
  A gnoll (Temple)
  2 adders (D:2)
  An ufetubus (D:5)
  4 orcs
  3 ball pythons
  6 endoplasms
  4 goblins
  8 hobgoblins
  A jackal (D:2)
  5 quokkas
  3 bats (D:2)
  3 frilled lizards
  4 kobolds
  A rat (D:1)
48 creatures vanquished.

Notes
Turn   | Place    | Note
-------+----------+-------------------------------------------
     0 | D:1      | HallandMoats the Demonspawn Monk began the quest for the
                  | Orb.
     0 | D:1      | Reached XP level 1. HP: 18/18 MP: 1/1
   169 | D:1      | Reached skill level 1 in Invocations
   281 | D:1      | Gained mutation: You are partially covered in thin metallic
                  | scales. (AC +2) [demonic ancestry]
   281 | D:1      | Reached XP level 2. HP: 24/24 MP: 3/3
   284 | D:1      | Noticed a golden eye
   286 | D:1      | Found a faded altar of an unknown god.
   289 | D:1      | Noticed a golden eye
   300 | D:1      | Noticed a floating eye
   305 | D:1      | Noticed a great orb of eyes
  1079 | D:2      | Reached XP level 3. HP: 26/29 MP: 4/4
  1884 | D:3      | Found a shadowy altar of Dithmenos.
  1886 | D:3      | You fall into a shaft and drop 2 floors!
  1886 | D:5      | Entered Level 5 of the Dungeon
  1941 | D:5      | Found a staircase to the Ecumenical Temple.
  1949 | Temple   | Entered the Ecumenical Temple
  1969 | D:5      | Identified the +0 ring mail of Watchfulness {Str+3 Int+2}
  2044 | D:5      | Reached XP level 4. HP: 8/37 MP: 6/6
  2269 | D:5      | Noticed a gnoll sergeant
  2458 | Temple   | Gained mutation: You may rarely emit foul miasma when
                  | damaged in melee. [demonic ancestry]
  2458 | Temple   | Reached XP level 5. HP: 34/43 MP: 8/8
  2494 | D:5      | Slain by a gnoll sergeant

Illustrated notes

Levels and vault maps discovered:
D:1:      dpeg_arrival_more_subterranean_lakeside_camping, layout_basic,
          hellmonk_ecumenical_altar_watching_god, hangedman_feature_mirror
D:2:      layout_loops_ring, kennysheep_crisscross, minmay_bisected
D:3:      layout_rooms, nicolae_dithmenos_shadow_blocks, serial_corexii_hall,
          corexii_hall_statues_s, corexii_hall_statues_u,
          corexii_hall_statues_x, corexii_hall_statues_i
D:5:      layout_gridville, mainiacjoe_overflow_boulevard,
          minmay_temple_entry_large_hall
Temple:   hc_temple_tempest_star

Skill      XL: |  1  2  3  4 |
---------------+-------------+-----
Invocations    | 1 2 3 4 |  4.3
Fighting       | 4 |  4.5
Axes           | |  2.6
Dodging        | |  2.6

Action                     |  1- 3 |  4- 6 || total
---------------------------+-------+-------++-------
  Melee: Hand axe          |   132 |    48 ||   180
    Use: Scroll            |     6 |     1 ||     7
         Potion            |       |     1 ||     1
 Armour: Robe              |     6 |       ||     6
         Ring mail         |    47 |    34 ||    81
  Dodge: Dodged            |    94 |    58 ||   152

Table legend: (Time is in decaauts)
 A = Elapsed time spent in this place.
 B = Non-inter-level travel time spent in this place.
 C = Inter-level travel time spent in this place.
 D = Time resting spent in this place.
 E = Time spent auto-exploring this place.
 F = Levels seen in this place.
 G = Mean time per level.
                   A        B        C        D        E       F      G
               +--------+--------+--------+--------+--------+-----+--------+
         Total |   2527 |   2459 |     68 |    325 |   1611 |   5 |  505.4 |
       Dungeon |   2328 |   2260 |     68 |    185 |   1611 |   4 |  582.0 |
        Temple |    198 |    198 |      0 |    140 |      0 |   1 |  198.0 |
               +--------+--------+--------+--------+--------+-----+--------+

Top non-repeatable levels by time:
     D:1: 924 daAuts
     D:2: 884 daAuts
     D:5: 423 daAuts
  Temple: 198 daAuts
     D:3: 96 daAuts
